 Dungeon Sprint DCSS version 0.24-a0-484-g962a3eeff7 (webtiles) character file.

Game seed: 14417122634108058132

13400000 DasRunzen the Blood Saint (level 27, -107/323 HPs)
             Began as a Demonspawn Gladiator on July 9, 2019.
             Was the Champion of Makhleb.
             Annihilated by a fleshlord
             ... wielding a +9 great mace
              (283 damage)
             ... in the Dungeon (Sprint VIII: "Arena of Blood").
             The game lasted 00:06:22 (134 turns).

DasRunzen the Blood Saint (Demonspawn Gladiator)     Turns: 134, Time: 00:06:23

Health: -107/323   AC:  6    Str: 24    XL:     27
Magic:  37/54      EV: 32    Int: 11    God:    Makhleb [******]
Gold:   0          SH:  0    Dex: 17    Spells: 80/80 levels left

rFire    . . .     SeeInvis .   l - +∞ Axe of Woe
rCold    . . .     Gourm    .   (shield currently unavailable)
rNeg     . . .     Faith    .   b - +0 leather armour
rPois    .         Spirit   .   (helmet unavailable)
rElec    .         Reflect  .   (no cloak)
rCorr    .         Harm     .   (gloves unavailable)
MR       ++...     NoTele   +   (boots unavailable)
Stlth    ++++++++++             (no amulet)
HPRegen  0.63/turn              (no ring)
MPRegen  0.34/turn              (no ring)

@: slowed, very slow
A: claws 3, horns 3, talons 3, demonic guardian 3, nightstalker 3, robust 3
a: Minor Destruction, Lesser Servant of Makhleb, Major Destruction, Greater
Servant of Makhleb, Renounce Religion


You were in the Dungeon.
You worshipped Makhleb.
Makhleb was exalted by your worship.
You were not hungry.

You visited 1 branch

Inventory:

Hand Weapons
 a - a +0 war axe
 l - the +∞ Axe of Woe (weapon)
   (You found it in the Dungeon)
Missiles
 d - 3 throwing nets (quivered)
Armour
 b - a +0 leather armour (worn)
 c - a +0 helmet
Jewellery
 m - a +30 ring of slaying
Scrolls
 k - a scroll of blinking
Potions
 e - a potion of curing
 g - a potion of heal wounds
 h - a potion of haste
 i - 2 potions of magic
 j - a potion of berserk rage
Comestibles
 f - a ration


   Skills:
 O Level 27 Fighting
 O Level 27 Axes
 O Level 27 Throwing
 O Level 27 Armour
 O Level 27 Dodging
 O Level 27 Stealth
 O Level 27 Unarmed Combat
 O Level 27 Spellcasting
 O Level 27 Invocations


You had 80 spell levels left.
You didn't know any spells.
Your spell library was empty.

Dungeon Overview and Level Annotations

Branches:
Dungeon (1/1)

Altars:
Makhleb


Innate Abilities, Weirdness & Mutations

You have claws for hands.
You have a pair of large horns on your head.
You have claws for feet.
A powerful demonic guardian rushes to your aid.
You are completely attuned to the shadows.
You are extremely robust. (+30% HP)


Message History

You hear a shout! x5
A meat berserker comes into view. It is wielding a +9 battleaxe.
You hear a shout! x3; You hear a roar!
A bag of meat comes into view. It is wielding a +9 war axe.
You hear a shout! x2
The fleshlord hits you with a +9 great mace!!!!!
You hear a shout! x2
A meat berserker comes into view. It is wielding a +9 battleaxe.
Your balrug hits the large abomination with a +2 demon whip of draining!!
The large abomination is engulfed in flames!!
The large abomination is destroyed!
You hear a shout! x2
The tyrant misses your cacodemon.
You hear a shout!
Your cacodemon gestures at the small abomination.
The small abomination resists with significant effort.
You hear a shout! x2
The fleshlord hits you with a +9 great mace!!!!!
Ouch! That really hurt!
You die...

..... ..... .....
...... .....#
....... .#....#
###..... X#.VML.#
#......... ..#x2).#
#........§ o#O.X2.#
...§.....%%.O..p@..#
)).)#...#.%....##).#
.).#....#.....##...#
.##§§...#.))).#....#
#%))§).#..))##)....#
#.))###....#.......#
..).)....#†).......#
...)%.))..)))...####
####...)..)..####


You could see an accursed, a tyrant, a destroyer, a fleshlord, 2 large
abominations, 2 meat berserkers, a small abomination, a bag of meat (wandering),
a friendly cacodemon and a friendly balrug.

Vanquished Creatures
  2 hell knights (D)
  2 hell beasts (D)
  A greater mummy (D)
  A great orb of eyes (D)
  2 wraiths (D)
  8 vampire knights (D)
  25 ogres (D)
  3 two-headed ogres (D)
  4 liches (D)
  5 hydras (D)
  42 orcs (D)
  4 skeletal warriors (D)
  A large abomination (D)
  4 small abominations (D)
104 creatures vanquished.

Vanquished Creatures (others)
  A crawling corpse (D)
1 creature vanquished.

Grand Total: 105 creatures vanquished

Notes
Turn   | Place    | Note
-------+----------+-------------------------------------------
     0 | D        | Found the +∞ Axe of Woe
     0 | D        | DasRunzen the Demonspawn Gladiator began the quest for the
                  | Orb.
     0 | D        | Reached XP level 1. HP: 16/16 MP: 1/1
     1 | D        | Noticed a bag of meat
     1 | D        | Noticed a bag of meat
     3 | D        | Became a worshipper of Makhleb the Destroyer
     3 | D        | Noticed a bag of meat
     5 | D        | Noticed a bag of meat
     5 | D        | Noticed a bag of meat
     5 | D        | Noticed a bag of meat
     5 | D        | Noticed a bag of meat
     7 | D        | Killed a bag of meat
     7 | D        | Reached skill level 15 in Invocations
     7 | D        | Gained mutation: A weak demonic guardian rushes to your
                  | aid. [demonic ancestry]
     7 | D        | Reached XP level 2. HP: 39/39 MP: 1/10
     7 | D        | Gained mutation: You have a pair of small horns on your
                  | head. [demonic ancestry]
     7 | D        | Reached XP level 3. HP: 45/45 MP: 1/12
     7 | D        | Gained mutation: You have sharp fingernails. [demonic
                  | ancestry]
     7 | D        | Reached XP level 4. HP: 52/52 MP: 1/13
     7 | D        | Gained mutation: You have a pair of horns on your head.
                  | [demonic ancestry]
     7 | D        | Reached XP level 5. HP: 58/58 MP: 1/15
     7 | D        | Gained mutation: You have very sharp fingernails. [demonic
                  | ancestry]
     7 | D        | Reached XP level 6. HP: 65/65 MP: 1/16
     7 | D        | Reached XP level 7. HP: 71/71 MP: 1/18
     7 | D        | Reached XP level 8. HP: 78/78 MP: 1/19
     7 | D        | Reached XP level 9. HP: 83/83 MP: 1/20
     7 | D        | Reached XP level 10. HP: 90/90 MP: 1/21
     7 | D        | Gained mutation: You are slightly more attuned to the
                  | shadows. [demonic ancestry]
     7 | D        | Reached XP level 11. HP: 96/96 MP: 1/22
     7 | D        | Noticed a bag of meat
     7 | D        | Noticed a bag of meat
     8 | D        | Killed a bag of meat
     8 | D        | Reached * piety under Makhleb
     8 | D        | Reached XP level 12. HP: 107/107 MP: 1/24
     8 | D        | Noticed a meat berserker
     8 | D        | Noticed a meat berserker
     8 | D        | Noticed a bag of meat
     9 | D        | Killed a bag of meat
     9 | D        | Reached skill level 15 in Fighting
     9 | D        | Gained mutation: You have sharp toenails. [demonic
                  | ancestry]
     9 | D        | Reached XP level 13. HP: 116/116 MP: 1/26
     9 | D        | Noticed a meat berserker
    10 | D        | Killed a bag of meat
    10 | D        | Reached skill level 15 in Axes
    10 | D        | Reached skill level 15 in Throwing
    10 | D        | Reached skill level 15 in Armour
    10 | D        | Reached skill level 15 in Dodging
    10 | D        | Gained mutation: You are significantly more attuned to the
                  | shadows. [demonic ancestry]
    10 | D        | Reached XP level 14. HP: 97/126 MP: 1/28
    10 | D        | Killed a bag of meat
    10 | D        | Reached ** piety under Makhleb
    11 | D        | Killed a meat berserker
    11 | D        | Reached XP level 15. HP: 138/138 MP: 2/30
    12 | D        | Killed a meat berserker
    12 | D        | Reached *** piety under Makhleb
    12 | D        | Gained mutation: You have razor-sharp toenails. [demonic
                  | ancestry]
    12 | D        | Reached XP level 16. HP: 150/150 MP: 2/32
    12 | D        | Killed a meat berserker
    12 | D        | Gained mutation: You have claws for feet. [demonic
                  | ancestry]
    12 | D        | Reached XP level 17. HP: 160/160 MP: 2/34
    12 | D        | Reached skill level 27 in Invocations
    12 | D        | Reached **** piety under Makhleb
    13 | D        | Reached XP level 18. HP: 173/173 MP: 2/35
    13 | D        | Noticed a meat berserker
    14 | D        | Noticed a meat berserker
    14 | D        | Noticed a meat berserker
    15 | D        | Killed a meat berserker
    16 | D        | Reached ***** piety under Makhleb
    17 | D        | Noticed a meat berserker
    18 | D        | Killed a meat berserker
    18 | D        | Gained mutation: You have a pair of large horns on your
                  | head. [demonic ancestry]
    18 | D        | Reached XP level 19. HP: 188/188 MP: 3/36
    19 | D        | Killed a meat berserker
    19 | D        | Reached skill level 27 in Fighting
    20 | D        | Noticed a meat berserker
    21 | D        | Killed a meat berserker
    21 | D        | Reached skill level 27 in Axes
    21 | D        | Reached skill level 27 in Throwing
    21 | D        | Reached skill level 27 in Armour
    21 | D        | Reached skill level 27 in Dodging
    21 | D        | Reached skill level 5 in Unarmed Combat
    21 | D        | Gained mutation: A demonic guardian rushes to your aid.
                  | [demonic ancestry]
    21 | D        | Reached XP level 20. HP: 197/197 MP: 4/37
    22 | D        | Reached skill level 15 in Stealth
    22 | D        | Reached skill level 10 in Unarmed Combat
    24 | D        | Killed a meat berserker
    24 | D        | Reached ****** piety under Makhleb
    24 | D        | Gained mutation: You have claws for hands. [demonic
                  | ancestry]
    24 | D        | Reached XP level 21. HP: 204/204 MP: 5/44
    25 | D        | Reached skill level 15 in Unarmed Combat
    30 | D        | Reached skill level 27 in Stealth
    30 | D        | Gained mutation: You are robust. (+10% HP) [demonic
                  | ancestry]
    30 | D        | Reached XP level 22. HP: 204/233 MP: 6/52
    33 | D        | Reached skill level 27 in Spellcasting
    34 | D        | Noticed a large bag of meat
    34 | D        | Noticed a destroyer
    35 | D        | Reached skill level 27 in Unarmed Combat
    38 | D        | Noticed a destroyer
    40 | D        | Killed a large bag of meat
    41 | D        | Noticed a destroyer
    41 | D        | Killed a destroyer
    41 | D        | Gained mutation: A powerful demonic guardian rushes to your
                  | aid. [demonic ancestry]
    41 | D        | Reached XP level 23. HP: 209/240 MP: 9/54
    41 | D        | Noticed a destroyer
    41 | D        | Noticed a destroyer
    42 | D        | Killed a destroyer
    43 | D        | Noticed a destroyer
    44 | D        | Killed a destroyer
    44 | D        | Gained mutation: You are very robust. (+20% HP) [demonic
                  | ancestry]
    44 | D        | Reached XP level 24. HP: 240/272 MP: 10/54
    44 | D        | Killed a destroyer
    45 | D        | Killed a destroyer
    46 | D        | Killed a destroyer
    46 | D        | Reached XP level 25. HP: 280/280 MP: 10/54
    52 | D        | Noticed a tyrant
    54 | D        | Killed a tyrant
    55 | D        | Noticed a tyrant
    58 | D        | Killed a tyrant
    66 | D        | Gained mutation: You are completely attuned to the shadows.
                  | [demonic ancestry]
    66 | D        | Reached XP level 26. HP: 290/290 MP: 17/54
    75 | D        | Noticed a meat beast
    78 | D        | Killed a meat beast
    78 | D        | Gained mutation: You are extremely robust. (+30% HP)
                  | [demonic ancestry]
    78 | D        | Reached XP level 27. HP: 188/323 MP: 20/54
    88 | D        | Noticed a tyrant
    91 | D        | Noticed a destroyer
    91 | D        | Noticed a destroyer
    91 | D        | Noticed a large bag of meat
    91 | D        | Noticed a large bag of meat
    91 | D        | Noticed a meat beast
    91 | D        | Noticed a tyrant
    93 | D        | Killed a destroyer
    94 | D        | Killed a large bag of meat
    94 | D        | Killed a tyrant
    94 | D        | Killed a meat beast
    95 | D        | Killed a destroyer
    96 | D        | Noticed an accursed
    96 | D        | Killed a large bag of meat
   104 | D        | Noticed a dread
   105 | D        | Killed a dread
   107 | D        | Killed a tyrant
   109 | D        | Killed an accursed
   114 | D        | Noticed a dread
   118 | D        | Killed a dread
   127 | D        | Noticed a fleshlord
   128 | D        | Noticed a fleshlord
   128 | D        | Noticed a fleshlord
   130 | D        | Noticed a tyrant
   131 | D        | Killed a fleshlord
   131 | D        | Noticed an accursed
   132 | D        | Noticed a destroyer
   133 | D        | Killed a fleshlord
   134 | D        | Annihilated by a fleshlord

Levels and vault maps discovered:
D:        meatsprint

Skill      XL: |  1  2  3  4  5  6  7  8  9 10 11 12 13 14 15 16 17 18 19 20 21 22 |
---------------+-------------------------------------------------------------------+-----
Fighting       | 12 14 15 16 18 20 21 24 26 27 | 27.0
Axes           | 11 13 14 15 17 19 20 22 24 27 | 27.0
Throwing       | 11 13 14 15 17 19 20 22 24 27 | 27.0
Armour         | 11 13 14 15 17 19 20 22 24 27 | 27.0
Dodging        | 11 13 14 15 17 19 20 22 24 27 | 27.0
Invocations    | 15 17 18 20 22 25 26 27 | 27.0
Stealth        | 8 20 27 | 27.0
Unarmed Combat | 5 14 20 27 | 27.0
Spellcasting   | 7 19 26 27 | 27.0

Action                   |  1- 3 |  4- 6 |  7- 9 | 10-12 | 13-15 | 16-18 | 19-21 | 22-24 | 25-27 || total
-------------------------+-------+-------+-------+-------+-------+-------+-------+-------+-------++-------
Melee: Executioner's axe |     1 |       |       |     2 |     3 |     4 |     7 |    10 |    38 ||    65
 Stab: Distracted        |       |       |       |       |       |       |       |       |     1 ||     1
Dodge: Dodged            |       |       |       |       |     1 |       |     1 |     3 |     3 ||     8

Table legend:
 A = Non-vault XP
 B = Vault XP
 C = Vault XP percentage of total XP
 D = Non-vault monster count
 E = Vault monster count
 F = Vault count percentage of total count
                 A         B        C        D         E       F
            +---------+---------+-------+---------+---------+-------
      Total | 1874827 |  991899 |  34.6 |      52 |      50 |  49.0
            +---------+---------+-------+---------+---------+-------
          D | 1874827 |  991899 |  34.6 |      52 |      50 |  49.0
            +---------+---------+-------+---------+---------+-------
